 Dungeon Crawl Stone Soup version 0.31-a0-152-g6aa68a64a1 (webtiles) character file.

Game seed: 4516321000029581803

9457 qw the Skirmisher (level 11, -2/104 HPs)
             Began as a Naga Hunter on June 10, 2023.
             Was a Priest of Okawaru.
             Slain by a death yak (17 damage)
             ... on level 2 of the Lair of Beasts.
             The game lasted 00:03:53 (9506 turns).

qw the Skirmisher (Naga Hunter)                     Turns: 9506, Time: 00:03:53

Health: -2/104     AC: 13    Str: 13    XL:     11   Next: 46%
Magic:  14/14      EV: 13    Int:  9    God:    Okawaru [***...]
Gold:   569        SH:  0    Dex: 20    Spells: 10/10 levels left

rFire   + . .        b - +0 shortbow (heavy)
rCold   . . .        (shield currently unavailable)
rNeg    . . .        c - +0 leather armour
rPois   +            (no helmet)
rElec   .            k - +0 cloak
rCorr   .            (no gloves)
SInv    +            g - +0 barding
Will    +....        i - amulet of faith
Stlth   +++          l - ring of protection from fire
HPRegen 0.37/turn    (no ring)
MPRegen 0.14/turn

%: faith
@: about to teleport, short of breath, heroic, very slow
A: AC +3, large, see invisible, deformed body, poison resistance, slowness 2,
spit poison 1, naga tail 1
a: Spit Poison, Renounce Religion, Heroism


You were on level 2 of the Lair of Beasts.
You worshipped Okawaru.
Okawaru was most pleased with you.
You visited 3 branches of the dungeon, and saw 12 of its levels.
You also visited: Ossuary.

You collected 786 gold pieces.
You spent 217 gold pieces at shops.


Innate Abilities, Weirdness & Mutations

Your serpentine skin is tough. (AC +3)
You have supernaturally acute eyesight. (SInv)
Armour fits poorly on your strangely shaped body.
Your system is resistant to poisons. (rPois)
You cover ground very slowly.
You can spit poison.
You have a snake-like lower body.


   Skills:
 + Level 8.9(13.9) Fighting
 - Level 13.0(18.0) Ranged Weapons
 - Level 3.0(8.0) Armour
 - Level 4.0(9.0) Dodging
 - Level 1.5(6.5) Stealth
 - Level 4.1 Invocations


You had 10 spell levels left.
You didn't know any spells.
Your spell library was empty.

Inventory:

Hand Weapons
 b - a +0 heavy shortbow (weapon)
Armour
 c - a +0 leather armour (worn)
 g - a +0 barding (worn)
 k - a +0 cloak (worn)
Jewellery
 a - the amulet of Xom's Passing Interest {Reflect Drain rC+ Regen+ SH+5}
   (You acquired it on level 3 of the Dungeon)

   [amulet of reflection]

   It reflects blocked missile attacks.
   rC:        It protects you from cold.
   Regen:     It increases your rate of health regeneration.
   Drain:     It drains your maximum health when unequipped.
   SH:        It affects your SH (+5).
 i - an amulet of faith (around neck)
 l - a ring of protection from fire (left hand)
Wands
 n - a wand of digging (6)
Scrolls
 d - 4 scrolls of identify
 e - 12 scrolls of teleportation
Potions
 f - 2 potions of cancellation
 h - 5 potions of curing
 j - 3 potions of haste
 m - a potion of mutation
 s - a potion of magic

Dungeon Overview and Level Annotations

Branches:
Dungeon (9/15)             Temple (1/1) D:4            Lair (2/5) D:9
    Orc (0/2) D:9         Ossuary (visited)
  Swamp: Lair:2-3    Shoals: Lair:2-3     Snake: Lair:2-3    Spider: Lair:2-3

Altars:
Ashenzari
Cheibriados
Dithmenos
Elyvilon
Fedhas
Gozag
Hepliaklqana
Kikubaaqudgha
Makhleb
Nemelex Xobeh
Okawaru
Qazlal
Ru
Sif Muna
Trog
Uskayaw
Vehumet
Wu Jian
Xom
Yredelemnul
Zin
The Shining One

Shops:
D:4 ?   D:8 ?

Annotations:
D:5 1 runed translucent door, qw's ghost, novice NaHu


Message History

The death yak is lightly wounded.
You shoot an arrow. The arrow hits the death yak.
The death yak is lightly wounded.
You have got your breath back.
9500 ||| INVOKING Spit Poison.
Aiming: Spit Poison (1% risk of failure)
Press: ? - help, Shift-Dir - straight line, f/p - death yak The splash of poison hits the death yak.
The death yak is poisoned.
The death yak is lightly wounded.
The death yak gores you!
You shoot an arrow.
The arrow hits the death yak but does no damage.
The death yak is lightly wounded.
The death yak gores you. x2
You shoot an arrow.
The arrow hits the death yak but does no damage.
The death yak is lightly wounded.
The death yak gores you. The death yak gores you!
You shoot an arrow. The arrow hits the death yak!!
The death yak is moderately wounded.
The death yak gores you! x2; The death yak barely misses you.
You shoot an arrow. The arrow hits the death yak!
The death yak is heavily wounded.
You have got your breath back.
The death yak gores you! The death yak barely misses you. x2
9505 ||| INVOKING Spit Poison.
Aiming: Spit Poison (1% risk of failure)
Press: ? - help, Shift-Dir - straight line, f/p - death yak The splash of poison hits the death yak but does no damage.
The death yak looks even sicker.
The death yak is heavily wounded.
The death yak gores you but does no damage.
The death yak misses you. The death yak gores you!
9506 ||| READING 13 scrolls of teleportation.
As you read the scroll of teleportation, it crumbles to dust.
You feel strangely unstable. The death yak barely misses you.
The death yak gores you. The death yak gores you!
You die...

...........#...........
#......#....##......#..#
#.....#.....###....#.#.#
#...........# ##...###.#
......P:....####.#.## #
.....P##....PP##.#.P#..#
..(....#.......%.......#
(P....Y....)............
.((...Y@...............P
......Y................#
........................
P#.#..####..............
# ### #...........#.#
#....##...###.# ....P
...


You could see 3 death yaks.

Vanquished Creatures
  A black mamba (Lair:1)
  3 cane toads (Lair:1)
  A komodo dragon (Lair:1)
  5 blink frogs
  Sigmund (D:2)
  A vampire (D:9)
  A wyvern (Lair:2)
  2 wraiths (D:9)
  2 basilisks (Lair:1)
  12 yaks
  2 orc warriors (D:9)
  4 water moccasins
  2 sky beasts
  5 ogres
  2 centaurs
  A phantom (D:5)
  Blork the orc (D:6)
  2 kobold brigands
  7 bullfrogs
  A water moccasin zombie (Ossuary)
  3 scorpions
  8 wights
  4 killer bees (D:8)
  A bullfrog zombie (Ossuary)
  5 centaur zombies (Ossuary)
  4 gnoll boudas
  5 hounds
  2 jellies
  2 orc priests
  2 sleepcaps
  Terence (D:3)
  2 iguanas
  10 orc wizards
  2 ogre zombies (Ossuary)
  21 gnolls
  9 adders
  A white imp (D:7)
  3 adder zombies (Ossuary)
  2 worms
  51 orcs
  6 endoplasms
  A giant cockroach (D:3)
  8 goblins
  11 hobgoblins
  8 jackals
  3 quokkas
  8 ball pythons
  3 bats
  2 frilled lizards
  4 gnoll zombies (Ossuary)
  2 goblin zombies (Ossuary)
  6 hobgoblin zombies (Ossuary)
  26 kobolds
  4 orc zombies (Ossuary)
  7 rats
  A butterfly (Lair:1)
294 creatures vanquished.

Vanquished Creatures (others)
  An orc wizard (D:5)
1 creature vanquished.

Grand Total: 295 creatures vanquished

Notes
Turn   | Place    | Note
-------+----------+-------------------------------------------
     0 | D:1      | qw the Naga Hunter began the quest for the Orb.
     0 | D:1      | Reached XP level 1. HP: 19/19 MP: 1/1
     0 | D:1      | 0 ||| qw: Version: 0.2-a-122-gbc61b45
     0 | D:1      | 0 ||| qw: Game counter: 3512
     0 | D:1      | 0 ||| qw: Always use a shield: true
     0 | D:1      | 0 ||| qw: God list: Okawaru
     0 | D:1      | 0 ||| qw: Allow faded altars: false
     0 | D:1      | 0 ||| qw: Do Orc after D:15 true
     0 | D:1      | 0 ||| qw: Do second Lair branch before Depths: true
     0 | D:1      | 0 ||| qw: Lair rune preference: random
     0 | D:1      | 0 ||| qw: Plans: Normal
     0 | D:1      | 0 ||| PLANNING D:1-11
    71 | D:1      | 71 ||| INVOKING Spit Poison.
   107 | D:1      | 107 ||| INVOKING Spit Poison.
   130 | D:1      | Reached skill level 4 in Ranged Weapons
   130 | D:1      | Reached XP level 2. HP: 26/26 MP: 2/2
   132 | D:1      | 132 ||| INVOKING Spit Poison.
   151 | D:1      | 151 ||| INVOKING Spit Poison.
   154 | D:1      | 154 ||| INVOKING Spit Poison.
   163 | D:1      | 163 ||| INVOKING Spit Poison.
   184 | D:1      | 184 ||| INVOKING Spit Poison.
   223 | D:1      | 223 ||| INVOKING Spit Poison.
   229 | D:1      | 229 ||| INVOKING Spit Poison.
   280 | D:1      | 280 ||| INVOKING Spit Poison.
   298 | D:1      | 298 ||| INVOKING Spit Poison.
   313 | D:1      | 313 ||| INVOKING Spit Poison.
   316 | D:1      | Reached XP level 3. HP: 32/32 MP: 3/3
   321 | D:1      | 321 ||| INVOKING Spit Poison.
   325 | D:1      | 325 ||| INVOKING Spit Poison.
   407 | D:1      | 407 ||| INVOKING Spit Poison.
   410 | D:1      | 410 ||| INVOKING Spit Poison.
   456 | D:1      | 456 ||| READING 2 scrolls labelled JUOVAP COHOOM.
   457 | D:1      | 457 ||| READING scroll labelled WEFFATW FOUTOTS.
   458 | D:1      | 458 ||| READING scroll labelled YCEOCS GUIK.
   459 | D:1      | 459 ||| READING scroll labelled LOCRUTO MIAH.
   460 | D:1      | 460 ||| DROPPING scroll of blinking.
   461 | D:1      | 461 ||| DROPPING scroll of butterflies.
   529 | D:2      | Noticed Sigmund
   530 | D:2      | 530 ||| INVOKING Spit Poison.
   533 | D:2      | 533 ||| INVOKING Spit Poison.
   539 | D:2      | 539 ||| FLEEEEING.
   540 | D:2      | 540 ||| FLEEEEING.
   542 | D:2      | 542 ||| INVOKING Spit Poison.
   545 | D:2      | 545 ||| INVOKING Spit Poison.
   545 | D:2      | HP: 3/32 [Sigmund/+0 scythe (8)]
   550 | D:2      | 550 ||| INVOKING Spit Poison.
   550 | D:2      | HP: 1/32 [Sigmund/+0 scythe (2)]
   551 | D:2      | Killed Sigmund
   552 | D:2      | Reached skill level 6 in Ranged Weapons
   552 | D:2      | Reached XP level 4. HP: 1/39 MP: 4/4
   552 | D:2      | Reached XP level 5. HP: 2/45 MP: 5/5
   751 | D:2      | 751 ||| INVOKING Spit Poison.
   752 | D:2      | 752 ||| INVOKING Spit Poison.
   764 | D:2      | 764 ||| INVOKING Spit Poison.
   768 | D:2      | 768 ||| INVOKING Spit Poison.
   808 | D:2      | 808 ||| INVOKING Spit Poison.
   817 | D:2      | 817 ||| INVOKING Spit Poison.
   822 | D:2      | 822 ||| INVOKING Spit Poison.
   852 | D:2      | 852 ||| INVOKING Spit Poison.
   859 | D:2      | 859 ||| INVOKING Spit Poison.
   866 | D:2      | 866 ||| INVOKING Spit Poison.
   870 | D:2      | 870 ||| INVOKING Spit Poison.
   873 | D:2      | 873 ||| INVOKING Spit Poison.
  1017 | D:2      | 1017 ||| INVOKING Spit Poison.
  1083 | D:2      | 1083 ||| INVOKING Spit Poison.
  1089 | D:2      | 1089 ||| INVOKING Spit Poison.
  1153 | D:2      | 1153 ||| INVOKING Spit Poison.
  1160 | D:2      | 1160 ||| INVOKING Spit Poison.
  1161 | D:2      | Reached XP level 6. HP: 55/55 MP: 6/6
  1299 | D:2      | 1299 ||| READING scroll labelled ZOAX KOSIE.
  1300 | D:2      | 1300 ||| READING 4 scrolls labelled FAQOAX LIPEOGRA.
  1304 | D:2      | 1304 ||| READING 2 scrolls labelled ZOLUFE YSUISSO.
  1305 | D:2      | 1305 ||| DROPPING scroll of vulnerability.
  1359 | D:3      | Found a blossoming altar of Fedhas.
  1365 | D:3      | 1365 ||| INVOKING Spit Poison.
  1400 | D:3      | 1400 ||| INVOKING Spit Poison.
  1404 | D:3      | 1404 ||| INVOKING Spit Poison.
  1430 | D:3      | 1430 ||| INVOKING Spit Poison.
  1435 | D:3      | 1435 ||| INVOKING Spit Poison.
  1438 | D:3      | 1438 ||| INVOKING Spit Poison.
  1439 | D:3      | Reached skill level 3 in Fighting
  1612 | D:3      | 1612 ||| INVOKING Spit Poison.
  1659 | D:3      | Noticed Terence
  1661 | D:3      | 1661 ||| INVOKING Spit Poison.
  1665 | D:3      | Killed Terence
  1776 | D:3      | 1776 ||| INVOKING Spit Poison.
  1858 | D:3      | 1858 ||| INVOKING Spit Poison.
  1926 | D:3      | 1926 ||| UPGRADING to +0 barding.
  1931 | D:3      | 1931 ||| READING 3 scrolls labelled EGYGHA ZYGINAE.
  1932 | D:3      | 1932 ||| READING scroll labelled TOAHOU SUGESH.
  1932 | D:3      | Identified a scroll of acquirement
  1932 | D:3      | 1932 ||| ACQUIRING amulet of Xom's Passing Interest
                  | {Reflect Drain rC+ Regen+ SH+5}
  1932 | D:3      | Acquired the amulet of Xom's Passing Interest {Reflect
                  | Drain rC+ Regen+ SH+5}
  1934 | D:3      | 1934 ||| UPGRADING to amulet of Xom's Passing Interest
                  | {Reflect Drain rC+ Regen+ SH+5}.
  1939 | D:3      | 1939 ||| READING 2 scrolls of identify.
  1939 | D:3      | 1939 ||| IDENTIFYING grey potion
  1940 | D:3      | 1940 ||| DROPPING 2 scrolls of magic mapping.
  1941 | D:3      | 1941 ||| DROPPING potion of brilliance.
  1981 | D:4      | 1981 ||| INVOKING Spit Poison.
  2009 | D:4      | 2009 ||| INVOKING Spit Poison.
  2011 | D:4      | Reached skill level 1 in Armour
  2018 | D:4      | 2018 ||| INVOKING Spit Poison.
  2063 | D:4      | Found a staircase to the Ecumenical Temple.
  2064 | D:4      | 2064 ||| PLANNING TEMPLE
  2064 | D:4      | 2064 ||| READING 3 scrolls of identify.
  2064 | D:4      | 2064 ||| IDENTIFYING white potion
  2068 | D:4      | 2068 ||| INVOKING Spit Poison.
  2071 | D:4      | 2071 ||| INVOKING Spit Poison.
  2076 | D:4      | 2076 ||| INVOKING Spit Poison.
  2094 | Temple   | Entered the Ecumenical Temple
  2182 | Temple   | 2182 ||| PLANNING D:1-11
  2249 | D:4      | Found Xyahoh's Magic Scroll Shoppe.
  2254 | D:4      | 2254 ||| INVOKING Spit Poison.
  2256 | D:4      | 2256 ||| BUYING scroll of identify (26 gold).
  2256 | D:4      | Bought a scroll of identify for 26 gold pieces
  2256 | D:4      | 2256 ||| BUYING scroll of identify (26 gold).
  2256 | D:4      | Bought a scroll of identify for 26 gold pieces
  2261 | D:4      | 2261 ||| INVOKING Spit Poison.
  2362 | D:4      | 2362 ||| INVOKING Spit Poison.
  2390 | D:4      | 2390 ||| INVOKING Spit Poison.
  2394 | D:4      | 2394 ||| INVOKING Spit Poison.
  2397 | D:4      | 2397 ||| INVOKING Spit Poison.
  2516 | D:4      | 2516 ||| INVOKING Spit Poison.
  2517 | D:4      | Reached XP level 7. HP: 66/66 MP: 7/7
  2546 | D:4      | 2546 ||| INVOKING Spit Poison.
  2736 | D:5      | Entered Level 5 of the Dungeon
  2760 | D:5      | 2760 ||| INVOKING Spit Poison.
  2763 | D:5      | 2763 ||| INVOKING Spit Poison.
  2765 | D:5      | 2765 ||| Stepping ~*~*~tactically~*~*~ (outnumbered).
  2767 | D:5      | 2767 ||| INVOKING Spit Poison.
  2771 | D:5      | 2771 ||| INVOKING Spit Poison.
  2774 | D:5      | 2774 ||| INVOKING Spit Poison.
  2777 | D:5      | 2777 ||| INVOKING Spit Poison.
  2780 | D:5      | 2780 ||| INVOKING Spit Poison.
  2784 | D:5      | 2784 ||| INVOKING Spit Poison.
  2787 | D:5      | 2787 ||| INVOKING Spit Poison.
  2812 | D:5      | 2812 ||| INVOKING Spit Poison.
  2854 | D:5      | 2854 ||| INVOKING Spit Poison.
  2859 | D:5      | 2859 ||| INVOKING Spit Poison.
  2863 | D:5      | 2863 ||| INVOKING Spit Poison.
  2868 | D:5      | Reached skill level 7 in Ranged Weapons
  2868 | D:5      | 2868 ||| INVOKING Spit Poison.
  2871 | D:5      | 2871 ||| INVOKING Spit Poison.
  2874 | D:5      | 2874 ||| INVOKING Spit Poison.
  2906 | D:5      | 2906 ||| INVOKING Spit Poison.
  2982 | D:5      | Reached XP level 8. HP: 73/73 MP: 8/8
  3007 | D:5      | 3007 ||| INVOKING Spit Poison.
  3013 | D:5      | 3013 ||| INVOKING Spit Poison.
  3018 | D:5      | 3018 ||| INVOKING Spit Poison.
  3023 | D:5      | 3023 ||| INVOKING Spit Poison.
  3089 | D:5      | 3089 ||| INVOKING Spit Poison.
  3092 | D:5      | Reached skill level 8 in Ranged Weapons
  3094 | D:5      | 3094 ||| INVOKING Spit Poison.
  3164 | D:5      | 3164 ||| INVOKING Spit Poison.
  3167 | D:5      | 3167 ||| INVOKING Spit Poison.
  3170 | D:5      | 3170 ||| INVOKING Spit Poison.
  3288 | D:5      | Found a runed translucent door.
  3289 | D:5      | Noticed qw's ghost (novice NaHu)
  3309 | D:5      | 3309 ||| UPGRADING to +0 cloak.
  3314 | D:5      | 3314 ||| UPGRADING to amulet of faith.
  3324 | D:5      | 3324 ||| READING 5 scrolls of identify.
  3324 | D:5      | 3324 ||| IDENTIFYING bubbling yellow potion
  3325 | D:5      | 3325 ||| READING 4 scrolls of identify.
  3325 | D:5      | 3325 ||| IDENTIFYING green potion
  3326 | D:5      | 3326 ||| DROPPING potion of enlightenment.
  3366 | D:6      | 3366 ||| STAIRDANCE
  3466 | D:6      | 3466 ||| STAIRDANCE
  3633 | D:6      | 3633 ||| STAIRDANCE
  3715 | D:6      | 3715 ||| STAIRDANCE
  3859 | D:6      | 3859 ||| INVOKING Spit Poison.
  3868 | D:6      | 3868 ||| INVOKING Spit Poison.
  3878 | D:6      | 3878 ||| INVOKING Spit Poison.
  3881 | D:6      | 3881 ||| INVOKING Spit Poison.
  3956 | D:6      | 3956 ||| INVOKING Spit Poison.
  3959 | D:6      | Reached skill level 9 in Ranged Weapons
  3974 | D:6      | 3974 ||| INVOKING Spit Poison.
  3979 | D:6      | 3979 ||| INVOKING Spit Poison.
  3983 | D:6      | 3983 ||| INVOKING Spit Poison.
  3987 | D:6      | 3987 ||| INVOKING Spit Poison.
  4172 | D:6      | 4172 ||| INVOKING Spit Poison.
  4245 | D:6      | 4245 ||| INVOKING Spit Poison.
  4247 | D:6      | Reached XP level 9. HP: 80/81 MP: 9/9
  4324 | D:6      | Noticed Blork the orc
  4327 | D:6      | 4327 ||| INVOKING Spit Poison.
  4332 | D:6      | 4332 ||| INVOKING Spit Poison.
  4332 | D:6      | Killed Blork the orc
  4333 | D:6      | Reached skill level 3 in Dodging
  4525 | D:6      | 4525 ||| INVOKING Spit Poison.
  4573 | D:6      | Identified the +1 falchion of Acidez {antimagic, rN+ rCorr
                  | Str+3}
  4717 | D:6      | 4717 ||| INVOKING Spit Poison.
  4750 | D:6      | 4750 ||| INVOKING Spit Poison.
  4751 | D:6      | Found a snail-covered altar of Cheibriados.
  4756 | D:6      | Reached skill level 6 in Fighting
  4759 | D:6      | 4759 ||| INVOKING Spit Poison.
  4764 | D:6      | 4764 ||| INVOKING Spit Poison.
  4775 | D:6      | Found an ornate altar of the Wu Jian Council.
  4842 | D:6      | 4842 ||| UPGRADING to ring of protection from fire.
  4843 | D:6      | 4843 ||| READING 3 scrolls of identify.
  4843 | D:6      | 4843 ||| IDENTIFYING bubbling silvery potion
  4885 | D:7      | 4885 ||| INVOKING Spit Poison.
  4908 | D:7      | 4908 ||| INVOKING Spit Poison.
  4909 | D:7      | 4909 ||| INVOKING Spit Poison.
  4927 | D:7      | 4927 ||| INVOKING Spit Poison.
  4933 | D:7      | 4933 ||| INVOKING Spit Poison.
  4936 | D:7      | 4936 ||| INVOKING Spit Poison.
  4939 | D:7      | 4939 ||| INVOKING Spit Poison.
  4942 | D:7      | 4942 ||| INVOKING Spit Poison.
  4949 | D:7      | Found an iron altar of Okawaru.
  4949 | D:7      | Found an opulent altar of Gozag.
  4950 | D:7      | 4950 ||| PLANNING OKAWARU WORSHIP
  4957 | D:7      | Became a worshipper of Warmaster Okawaru
  4957 | D:7      | 4957 ||| PLANNING D:1-11
  4967 | D:7      | 4967 ||| INVOKING Spit Poison.
  4975 | D:7      | 4975 ||| INVOKING Spit Poison.
  4980 | D:7      | 4980 ||| INVOKING Spit Poison.
  4986 | D:7      | 4986 ||| INVOKING Spit Poison.
  4991 | D:7      | 4991 ||| INVOKING Spit Poison.
  4994 | D:7      | 4994 ||| INVOKING Spit Poison.
  5161 | D:7      | 5161 ||| INVOKING Spit Poison.
  5337 | D:7      | Reached skill level 10 in Ranged Weapons
  5653 | D:8      | 5653 ||| PLANNING OSSUARY
  5663 | D:8      | 5663 ||| INVOKING Spit Poison.
  5668 | D:8      | Found a sand-covered staircase.
  5671 | D:8      | 5671 ||| INVOKING Spit Poison.
  5675 | D:8      | 5675 ||| INVOKING Spit Poison.
  5678 | D:8      | 5678 ||| INVOKING Spit Poison.
  5681 | D:8      | 5681 ||| INVOKING Spit Poison.
  5684 | D:8      | 5684 ||| INVOKING Spit Poison.
  5687 | D:8      | Reached * piety under Okawaru
  5688 | D:8      | Reached XP level 10. HP: 52/94 MP: 10/10
  5688 | D:8      | 5688 ||| INVOKING Heroism.
  5690 | D:8      | 5690 ||| INVOKING Spit Poison.
  5697 | D:8      | 5697 ||| INVOKING Spit Poison.
  5703 | D:8      | 5703 ||| INVOKING Spit Poison.
  5704 | D:8      | Reached skill level 11 in Ranged Weapons
  5889 | Ossuary  | Entered an ossuary
  5988 | Ossuary  | 5988 ||| INVOKING Spit Poison.
  6001 | Ossuary  | Reached skill level 1 in Invocations
  6087 | Ossuary  | 6087 ||| INVOKING Spit Poison.
  6202 | D:8      | 6202 ||| PLANNING D:1-11
  6233 | D:8      | 6233 ||| INVOKING Spit Poison.
  6236 | D:8      | 6236 ||| INVOKING Spit Poison.
  6238 | D:8      | 6238 ||| Stepping ~*~*~tactically~*~*~ (outnumbered).
  6242 | D:8      | 6242 ||| INVOKING Spit Poison.
  6247 | D:8      | 6247 ||| INVOKING Spit Poison.
  6308 | D:8      | 6308 ||| INVOKING Spit Poison.
  6312 | D:8      | 6312 ||| INVOKING Spit Poison.
  6316 | D:8      | 6316 ||| INVOKING Spit Poison.
  6371 | D:8      | Found Ilimos's Magic Scroll Emporium.
  6374 | D:8      | 6374 ||| BUYING scroll of identify (22 gold).
  6374 | D:8      | Bought a scroll of identify for 22 gold pieces
  6374 | D:8      | 6374 ||| BUYING scroll of identify (22 gold).
  6374 | D:8      | Bought a scroll of identify for 22 gold pieces
  6374 | D:8      | 6374 ||| BUYING scroll of identify (22 gold).
  6374 | D:8      | Bought a scroll of identify for 22 gold pieces
  6374 | D:8      | 6374 ||| BUYING scroll of teleportation (33 gold).
  6374 | D:8      | Bought a scroll of teleportation for 33 gold pieces
  6374 | D:8      | 6374 ||| BUYING scroll of teleportation (33 gold).
  6374 | D:8      | Bought a scroll of teleportation for 33 gold pieces
  6374 | D:8      | 6374 ||| BUYING scroll of teleportation (33 gold).
  6374 | D:8      | Bought a scroll of teleportation for 33 gold pieces
  6521 | D:8      | 6521 ||| INVOKING Spit Poison.
  6544 | D:8      | 6544 ||| INVOKING Spit Poison.
  6547 | D:8      | Reached ** piety under Okawaru
  6548 | D:8      | Reached skill level 3 in Invocations
  6548 | D:8      | 6548 ||| INVOKING Spit Poison.
  6551 | D:8      | 6551 ||| INVOKING Spit Poison.
  6568 | D:8      | 6568 ||| INVOKING Spit Poison.
  6595 | D:8      | 6595 ||| READING scroll labelled ESTOIN JAUPH.
  6596 | D:8      | 6596 ||| READING scroll labelled HOFIYFRITO.
  6697 | D:8      | 6697 ||| READING 8 scrolls of identify.
  6697 | D:8      | 6697 ||| IDENTIFYING ruby potion
  6698 | D:8      | 6698 ||| READING 7 scrolls of identify.
  6698 | D:8      | 6698 ||| IDENTIFYING puce potion
  6699 | D:8      | 6699 ||| READING 6 scrolls of identify.
  6699 | D:8      | 6699 ||| IDENTIFYING red potion
  6700 | D:8      | 6700 ||| READING 5 scrolls of identify.
  6700 | D:8      | 6700 ||| IDENTIFYING pink potion
  6701 | D:8      | 6701 ||| DROPPING potion of lignification.
  6702 | D:8      | 6702 ||| DROPPING potion of ambrosia.
  6774 | D:9      | Found a staircase to the Lair.
  6958 | D:9      | 6958 ||| INVOKING Heroism.
  6960 | D:9      | 6960 ||| DRINKING 6 potions of curing.
  6960 | D:9      | 6960 ||| (to cure confusion)
  7132 | D:9      | 7132 ||| INVOKING Heroism.
  7133 | D:9      | 7133 ||| INVOKING Spit Poison.
  7136 | D:9      | 7136 ||| INVOKING Spit Poison.
  7372 | D:9      | Found a bloodstained altar of Trog.
  7373 | D:9      | 7373 ||| INVOKING Spit Poison.
  7377 | D:9      | 7377 ||| Stepping ~*~*~tactically~*~*~ (outnumbered).
  7378 | D:9      | 7378 ||| INVOKING Spit Poison.
  7381 | D:9      | 7381 ||| Stepping ~*~*~tactically~*~*~ (outnumbered).
  7384 | D:9      | 7384 ||| INVOKING Spit Poison.
  7423 | D:9      | 7423 ||| Stepping ~*~*~tactically~*~*~ (outnumbered).
  7424 | D:9      | 7424 ||| INVOKING Spit Poison.
  7425 | D:9      | 7425 ||| Stepping ~*~*~tactically~*~*~ (outnumbered).
  7427 | D:9      | 7427 ||| Stepping ~*~*~tactically~*~*~ (outnumbered).
  7429 | D:9      | 7429 ||| INVOKING Spit Poison.
  7430 | D:9      | 7430 ||| Stepping ~*~*~tactically~*~*~ (outnumbered).
  7432 | D:9      | 7432 ||| INVOKING Spit Poison.
  7434 | D:9      | 7434 ||| INVOKING Heroism.
  7439 | D:9      | 7439 ||| INVOKING Spit Poison.
  7443 | D:9      | 7443 ||| INVOKING Spit Poison.
  7449 | D:9      | 7449 ||| INVOKING Spit Poison.
  7455 | D:9      | 7455 ||| INVOKING Spit Poison.
  7651 | D:9      | Found a staircase to the Orcish Mines.
  7833 | D:9      | 7833 ||| INVOKING Spit Poison.
  7859 | D:9      | 7859 ||| PLANNING LAIR
  7878 | Lair:1   | Entered Level 1 of the Lair of Beasts
  7902 | Lair:1   | 7902 ||| INVOKING Spit Poison.
  7906 | Lair:1   | 7906 ||| INVOKING Spit Poison.
  7912 | Lair:1   | 7912 ||| INVOKING Spit Poison.
  7913 | Lair:1   | 7913 ||| INVOKING Heroism.
  7917 | Lair:1   | 7917 ||| INVOKING Spit Poison.
  8075 | Lair:1   | Noticed a cane toad
  8076 | Lair:1   | 8076 ||| INVOKING Heroism.
  8081 | Lair:1   | Killed a cane toad
  8127 | Lair:1   | 8127 ||| INVOKING Heroism.
  8128 | Lair:1   | 8128 ||| INVOKING Spit Poison.
  8132 | Lair:1   | 8132 ||| INVOKING Spit Poison.
  8135 | Lair:1   | 8135 ||| Stepping ~*~*~tactically~*~*~ (outnumbered).
  8139 | Lair:1   | Reached skill level 12 in Ranged Weapons
  8139 | Lair:1   | 8139 ||| INVOKING Spit Poison.
  8140 | Lair:1   | Reached skill level 3 in Armour
  8140 | Lair:1   | Reached XP level 11. HP: 85/103 MP: 12/14
  8143 | Lair:1   | 8143 ||| INVOKING Spit Poison.
  8143 | Lair:1   | Reached *** piety under Okawaru
  8208 | Lair:1   | 8208 ||| INVOKING Spit Poison.
  8271 | Lair:1   | 8271 ||| INVOKING Spit Poison.
  8274 | Lair:1   | 8274 ||| INVOKING Spit Poison.
  8287 | Lair:1   | 8287 ||| INVOKING Spit Poison.
  8290 | Lair:1   | 8290 ||| INVOKING Spit Poison.
  8358 | Lair:1   | 8358 ||| INVOKING Heroism.
  8363 | Lair:1   | 8363 ||| INVOKING Spit Poison.
  8417 | Lair:1   | 8417 ||| INVOKING Heroism.
  8418 | Lair:1   | 8418 ||| INVOKING Spit Poison.
  8423 | Lair:1   | 8423 ||| INVOKING Spit Poison.
  8427 | Lair:1   | 8427 ||| INVOKING Spit Poison.
  8430 | Lair:1   | 8430 ||| INVOKING Spit Poison.
  8430 | Lair:1   | HP: 24/103 [black mamba (10)]
  8431 | Lair:1   | 8431 ||| READING 14 scrolls of teleportation.
  8432 | Lair:1   | 8432 ||| DRINKING potion of heal wounds.
  8792 | Lair:1   | 8792 ||| INVOKING Heroism.
  8797 | Lair:1   | 8797 ||| INVOKING Spit Poison.
  8801 | Lair:1   | Reached skill level 13 in Ranged Weapons
  8878 | Lair:1   | 8878 ||| INVOKING Spit Poison.
  8881 | Lair:1   | Reached **** piety under Okawaru
  8958 | Lair:1   | 8958 ||| INVOKING Spit Poison.
  8965 | Lair:1   | 8965 ||| INVOKING Spit Poison.
  9203 | Lair:1   | 9203 ||| INVOKING Heroism.
  9294 | Lair:2   | 9294 ||| PLANNING GAUNTLET
  9299 | Lair:2   | 9299 ||| INVOKING Spit Poison.
  9301 | Lair:2   | 9301 ||| INVOKING Heroism.
  9304 | Lair:2   | 9304 ||| INVOKING Spit Poison.
  9418 | Lair:2   | 9418 ||| INVOKING Spit Poison.
  9422 | Lair:2   | 9422 ||| INVOKING Spit Poison.
  9493 | Lair:2   | Noticed a death yak
  9494 | Lair:2   | 9494 ||| INVOKING Heroism.
  9495 | Lair:2   | Noticed a death yak
  9497 | Lair:2   | 9497 ||| INVOKING Spit Poison.
  9497 | Lair:2   | Noticed a death yak
  9500 | Lair:2   | 9500 ||| INVOKING Spit Poison.
  9505 | Lair:2   | 9505 ||| INVOKING Spit Poison.
  9505 | Lair:2   | HP: 20/104 [death yak (12)]
  9506 | Lair:2   | 9506 ||| READING 13 scrolls of teleportation.
  9506 | Lair:2   | Slain by a death yak

Levels and vault maps discovered:
D:1:      dpeg_arrival_three_bigger_balls, layout_rooms
D:2:      minmay_door_path, layout_basic, uniq_sigmund, uniq_crazy_yiuf_cottage
D:3:      layout_basic, mainiacjoe_overflow_tiny_flanked, item_on_display_a,
          uniq_terence
D:4:      layout_loops_ring, minmay_temple_entry_mist, serial_shops, shop
D:5:      layout_basic, ebering_ghost_reflecting_pool
D:6:      layout_basic, lemuel_doored_altar, lemuel_tele_altar,
          uniq_blork_the_orc
D:7:      layout_basic, gammafunk_temple_overflow_pools,
          hangedman_abyss_or_decor_lesser_grid
D:8:      layout_rooms, serial_shops, kennysheep_mini,
          nicolae_ossuary_entry_ruins
D:9:      layout_basic, trog_hazing_becter, lair_entry_dummy, hiddenorc1_lemuel
Temple:   lightli_temple_of_artemis
Lair:1:   dreamdust_cave_troll, layout_cellular_growth, enter_volcano_4,
          grunt_megastairs_5, infiniplex_staircase_pool, lemuel_fruit_fields
Lair:2:   layout_regular_city, guppyfry_snake_entry_garden,
          gauntlet_entry_generic, st_stairs_3, lemuel_fruit_tree

Skill      XL: |  1  2  3  4  5  6  7  8  9 10 11 |
---------------+----------------------------------+-----
Ranged Weapons | 4 6 7 9 10 12 13 | 13.0
Fighting       | 4 5 7 8 |  8.9
Armour         | 1 2 3 |  3.0
Dodging        | 2 3 4 |  4.0
Invocations    | 4 |  4.1
Stealth        | |  1.5

Action                     |  1- 3 |  4- 6 |  7- 9 | 10-12 || total
---------------------------+-------+-------+-------+-------++-------
   Fire: Shortbow          |    63 |    90 |   229 |   319 ||   701
 Invoke: Heroism           |       |       |       |    13 ||    13
Ability: Spit Poison       |    21 |    39 |    65 |    59 ||   184
    Use: Scroll            |     4 |     7 |     3 |     8 ||    22
         Potion            |       |       |       |     2 ||     2
 Armour: Leather armour    |     3 |    14 |    73 |   167 ||   257
  Dodge: Dodged            |     8 |    22 |    67 |   201 ||   298
  Block: Other             |       |     5 |     5 |       ||    10

Table legend:
 A = Non-vault XP
 B = Vault XP
 C = Vault XP percentage of total XP
 D = Non-vault monster count
 E = Vault monster count
 F = Vault count percentage of total count
                 A         B        C        D         E       F
            +---------+---------+-------+---------+---------+-------
      Total |    9921 |    3590 |  26.6 |     225 |      69 |  23.5
            +---------+---------+-------+---------+---------+-------
        D:1 |      42 |       0 |   0.0 |      28 |       0 |   0.0
        D:2 |      48 |     229 |  82.7 |      20 |       4 |  16.7
        D:3 |      35 |      36 |  50.7 |      12 |       1 |   7.7
        D:4 |     329 |       0 |   0.0 |      17 |       0 |   0.0
        D:5 |     921 |       0 |   0.0 |      40 |       0 |   0.0
        D:6 |    1168 |     100 |   7.9 |      27 |       1 |   3.6
        D:7 |     798 |       0 |   0.0 |      25 |       0 |   0.0
        D:8 |    1932 |       0 |   0.0 |      31 |       0 |   0.0
        D:9 |     932 |     266 |  22.2 |       7 |      23 |  76.7
     Lair:1 |    3256 |    1857 |  36.3 |      15 |       7 |  31.8
     Lair:2 |     460 |     415 |  47.4 |       3 |       2 |  40.0
    Ossuary |       0 |     687 | 100.0 |       0 |      31 | 100.0
            +---------+---------+-------+---------+---------+-------
